Map: [ESL] Site Delta

Players

gumiho - Winner!

  • Race: Terran Terran
  • Spawn Location: 5:00

Strange

  • Race: Protoss Protoss
  • League: Grandmaster
  • Spawn Location: 11:00

Event: IEM Katowice 2024

VOD

Have the link to the VOD?

Description

Time

  • Played on: Dec. 8, 2023, 1:45 p.m.
  • Length: 14:56

All games in this series

Show
View Real Time Build Order
Export as new Build Order

gumiho Terran - Winner!

Build Orders: Liberator Opening 

Get SALT Encoding   

  12  0:00  SCV  
  13  0:12  SCV  
  14  0:17  Supply Depot  
  14  0:24  SCV  
  15  0:38  SCV  
  15  0:40  Barracks  
  16  0:43  Refinery  
  16  0:50  SCV  
  16  0:52  Refinery  
  17  1:02  SCV  
  18  1:15  SCV  
  19  1:27  Orbital Command  
  19  1:28  Supply Depot, Reaper  
  20  1:40  Factory  
  20  1:53  SCV  
  21  2:00  Barracks Reactor  
  21  2:05  SCV  
  22  2:15  Command Center  
  22  2:18  SCV  
  23  2:29  Widow Mine  
  25  2:30  SCV  
  25  2:34  Supply Depot  
  25  2:36  Marine  
  25  2:37  Marine  
  27  2:42  SCV  
  29  2:46  Starport  
  29  2:54  Widow Mine  
  29  2:56  SCV  
  29  2:58  Marine x2  
  34  3:08  SCV  
  35  3:16  Marine x2  
  35  3:17  Widow Mine  
  39  3:27  Orbital Command, SCV, Medivac  
  42  3:33  Marine  
  42  3:34  Marine  
  44  3:39  SCV  
  44  3:40  Widow Mine  
  47  3:44  Supply Depot  
  47  3:51  SCV  
  47  3:55  Marine x2  
  49  3:56  Liberator  
  49  3:59  SCV  
  49  4:02  Factory Tech Lab  
  54  4:05  SCV  
  54  4:09  Supply Depot  
  55  4:12  SCV, Refinery  
  55  4:14  Marine  
  57  4:18  Marine, SCV  
  57  4:22  Siege Tank  
  62  4:26  Supply Depot  
  62  4:30  SCV x2  
  64  4:34  Marine  
  64  4:36  Marine  
  66  4:45  SCV x2  
  65  4:52  Marine  
  57  4:54  Marine  
  57  4:55  Barracks x2  
  57  4:57  SCV x2  
  57  4:58  Bunker  
  61  5:01  Siege Tank  
  62  5:07  Engineering Bay  
  62  5:09  SCV x2, Medivac  
  62  5:10  Marine  
  65  5:21  SCV x2  
  67  5:33  Siege Tank, SCV x2  
  67  5:35  Terran Infantry Weapons Level 1  
  72  5:41  Starport Reactor  
  72  5:43  Barracks Tech Lab  
  72  5:44  Barracks Tech Lab, Marine x2  
  72  5:45  SCV x2, Supply Depot  
  76  5:57  SCV  
  76  5:58  SCV  
  76  5:59  Refinery  
  76  6:00  Command Center  
  78  6:08  Stimpack, Supply Depot  
  78  6:09  Supply Depot  
  78  6:10  SCV  
  79  6:11  Combat Shield  
  79  6:17  Siege Tank  
  82  6:26  Barracks  
  82  6:27  Barracks  
  82  6:30  Supply Depot  
  82  6:32  SCV  
  83  6:34  SCV  
  83  6:39  Supply Depot  
  84  6:41  Marauder  
  84  6:44  Marauder  
  88  6:48  Marine x2  
  88  6:52  SCV  
  88  6:53  SCV  
  91  7:04  Marauder  
  91  7:05  Marauder, SCV x2  
  97  7:09  Marine x2  
  99  7:16  Factory Reactor  
  99  7:17  Barracks Reactor, SCV x2  
  99  7:20  Missile Turret  
  101  7:24  Medivac  
  101  7:25  Marauder  
  101  7:26  Marauder, Medivac  
  101  7:29  SCV  
  110  7:31  SCV  
  110  7:32  Terran Infantry Armor Level 1  
  110  7:36  Missile Turret  
  111  7:41  SCV  
  111  7:43  SCV  
  111  7:44  Orbital Command  
  113  7:51  Marauder x3  
  119  7:52  Marine  
  119  7:53  SCV  
  119  7:54  Marine  
  119  7:55  SCV  
  123  8:02  Supply Depot x2  
  123  8:07  Widow Mine x2  
  123  8:08  SCV x2  
  123  8:12  SCV, Marauder x2  
  136  8:13  Marauder, Ghost Academy  
  136  8:18  Sensor Tower, Refinery  
  136  8:19  Refinery  
  136  8:23  Armory  
  136  8:24  Supply Depot  
  136  8:27  Marine x2, Engineering Bay  
  136  8:28  Marine  
  136  8:30  Medivac  
  136  8:31  Medivac  
  136  8:32  Concussive Shells  
  136  8:33  Marauder  
  145  8:37  SCV x2  
  145  8:38  SCV  
  148  8:44  Command Center  
  148  8:47  Bunker  
  148  8:48  Missile Turret  
  148  8:49  SCV  
  148  8:50  Supply Depot, SCV x2  
  155  8:56  Marine  
  158  9:03  Ghost  
  158  9:04  Ghost  
  158  9:05  Ghost  
  158  9:06  Medivac x2  
  153  9:20  Marine x2  
  155  9:25  Marine x2  
  155  9:28  Terran Infantry Weapons Level 2  
  157  9:33  Marauder x2  
  157  9:34  Marauder  
  157  9:36  Supply Depot  
  157  9:37  Terran Infantry Armor Level 2  
  157  9:38  Marine  
  163  9:39  Marine  
  163  9:42  Marine  
  166  9:49  Viking  
  166  9:50  Viking, Barracks x2  
  166  9:51  Barracks  
  170  9:52  Marine  
  170  9:54  Marauder  
  170  9:56  Marauder x2, Marine  
  178  10:00  Command Center  
  178  10:04  SCV x3  
  180  10:13  Missile Turret  
  180  10:16  Marauder  
  180  10:17  Marauder x2  
  180  10:20  Marine  
  184  10:22  Viking x2  
  181  10:36  Marine x2  
  181  10:37  Marauder  
  181  10:39  Marauder x2  
  182  10:45  Marine  
  182  10:46  Marine  
  177  10:50  Planetary Fortress  
  177  10:52  SCV x3  
  177  10:53  Marine  
  177  10:55  Marine  
  182  10:58  Marauder  
  182  11:00  Marauder x2  
  187  11:17  Supply Depot  
  187  11:18  Supply Depot  
  187  11:20  Refinery  
  187  11:21  Sensor Tower, Supply Depot  
  187  11:27  Barracks Tech Lab x2  
  187  11:33  Barracks Reactor  
  187  11:36  Barracks Tech Lab  
  187  11:38  Supply Depot  
  187  11:39  Viking x2  
  191  11:42  Missile Turret, Refinery  
  191  11:43  Marauder  
  192  11:47  Orbital Command  
  179  11:55  Marauder, Marine x2  
  170  12:02  SCV  
  170  12:03  SCV  
  170  12:06  Marauder x2, Marine x2  
  170  12:07  Missile Turret, Marine  
  170  12:08  Marine  
  173  12:18  Marine  
  173  12:19  Marauder  
  173  12:22  Marine  
  173  12:23  Marine  
  160  12:37  Marine  
  160  12:38  Marine x5  
  160  12:40  Marine x2  
  160  12:41  Marine  
  169  12:55  Marine x3  
  169  12:56  Marauder, Marine x2  
  169  12:57  Marine  
  174  13:04  Marine  
  174  13:05  Marine  
  176  13:13  Marine x4  
  176  13:14  Marauder  
  176  13:15  Marine  
  168  13:25  Orbital Command  
  141  13:32  Marauder, Marine x5  
  128  13:38  Marine x3  
  121  13:50  Marine x5  
  121  13:53  Marine  
  123  13:56  SCV x3, Marine x3  
  127  14:08  SCV, Marine x5  
  127  14:09  SCV  
  130  14:11  Marine  
  130  14:13  Marine  
  130  14:14  Marine x2  
  133  14:25  Marine  
  133  14:26  Marine x4  
  133  14:30  Marauder  
  133  14:31  Marine  
  133  14:32  Marauder  
  133  14:34  Marine  
Show
View Real Time Build Order
Export as new Build Order

Strange Protoss 

Build Orders: 1 Gate Expand, Blink Stalkers, Colossus Rush 

Get SALT Encoding   

  12  0:00  Probe  
  13  0:12  Probe  
  14  0:16  Pylon  
  14  0:24  Probe (Chrono Boost)  
  15  0:35  Gateway  
  15  0:36  Probe (Chrono Boost)  
  16  0:45  Probe (Chrono Boost)  
  16  0:46  Assimilator  
  17  0:51  Probe  
  18  1:03  Probe  
  19  1:15  Probe  
  20  1:21  Nexus  
  20  1:33  Cybernetics Core  
  20  1:34  Probe  
  20  1:39  Assimilator  
  21  1:46  Probe  
  22  1:49  Pylon  
  22  1:58  Probe  
  23  2:06  Stalker (Chrono Boost)  
  23  2:09  Warp Gate  
  23  2:10  Probe  
  26  2:18  Shield Battery  
  26  2:22  Probe  
  27  2:29  Twilight Council  
  27  2:33  Probe  
  27  2:34  Stalker (Chrono Boost)  
  30  2:40  Probe  
  31  2:45  Probe  
  31  2:50  Shield Battery  
  32  2:52  Probe  
  32  2:57  Probe  
  34  3:01  Blink (Chrono Boost), Stalker  
  34  3:04  Probe  
  37  3:12  Probe  
  38  3:16  Probe  
  39  3:21  Gateway  
  39  3:25  Probe  
  40  3:31  Robotics Facility  
  40  3:33  Probe  
  41  3:39  Pylon  
  41  3:40  Probe  
  42  3:45  Probe  
  42  3:48  Gateway  
  43  3:52  Probe  
  44  3:56  Assimilator  
  44  3:57  Probe  
  44  3:58  Stalker  
  47  4:04  Probe, Pylon  
  49  4:10  Probe  
  49  4:16  Probe  
  50  4:17  Stalker  
  50  4:19  Observer  
  50  4:23  Assimilator, Stalker  
  54  4:31  Probe  
  54  4:33  Probe  
  54  4:42  Stalker x2  
  56  4:47  Probe  
  57  4:54  Probe  
  57  4:57  Robotics Bay  
  57  4:59  Probe  
  59  5:06  Probe  
  59  5:07  Pylon  
  60  5:09  Pylon  
  60  5:11  Probe  
  61  5:18  Probe  
  60  5:22  Stalker  
  60  5:23  Probe  
  60  5:26  Stalker x2  
  65  5:30  Probe  
  65  5:35  Probe  
  67  5:42  Probe  
  68  5:43  Nexus  
  68  5:47  Probe  
  69  5:55  Colossus (Chrono Boost)  
  69  5:59  Extended Thermal Lance  
  75  6:04  Pylon  
  75  6:05  Shield Battery  
  75  6:08  Probe x2  
  77  6:16  Forge  
  77  6:19  Charge  
  77  6:20  Probe  
  77  6:22  Probe  
  79  6:26  Sentry x2  
  79  6:27  Pylon  
  79  6:31  Observer  
  79  6:32  Probe, Pylon  
  84  6:34  Probe  
  84  6:38  Observer  
  85  6:41  Gateway  
  85  6:43  Colossus (Chrono Boost)  
  85  6:44  Probe  
  92  6:48  Probe  
  92  6:49  Observer  
  93  6:56  Probe x2  
  93  6:59  Protoss Ground Weapons Level 1 (Chrono Boost)  
  93  7:01  Probe  
  96  7:08  Probe x2  
  97  7:09  Pylon  
  97  7:15  Gateway  
  98  7:17  Gateway  
  98  7:18  Colossus (Chrono Boost)  
  98  7:19  Gateway  
  104  7:28  Gateway  
  103  7:31  Gateway  
  103  7:36  Templar Archives  
  103  7:39  Pylon  
  103  7:47  Zealot x2  
  103  7:48  Zealot  
  109  7:54  Photon Cannon  
  109  7:55  Immortal (Chrono Boost)  
  109  7:57  Photon Cannon  
  109  8:00  Pylon  
  113  8:10  Pylon  
  113  8:13  High Templar x2  
  113  8:14  Zealot x2  
  113  8:18  Zealot, Archon  
  113  8:19  Zealot x2  
  127  8:24  Warp Prism (Chrono Boost)  
  127  8:41  High Templar x2  
  127  8:42  Zealot x5  
  127  8:45  Nexus  
  127  8:48  Archon, Pylon  
  141  8:49  Protoss Ground Weapons Level 2 (Chrono Boost)  
  141  9:06  Pylon  
  141  9:07  Pylon  
  141  9:16  Zealot x2  
  133  9:17  Zealot x4  
  133  9:20  Observer (Chrono Boost)  
  142  9:29  Forge  
  142  9:32  Probe x3  
  142  9:35  Photon Cannon  
  142  9:38  Colossus (Chrono Boost)  
  145  9:42  Zealot x6  
  145  9:44  Probe x2  
  165  9:48  Probe  
  165  9:52  Gravitic Drive  
  166  9:55  Dark Shrine  
  166  9:56  Probe x2  
  166  9:59  Photon Cannon  
  168  10:00  Probe  
  169  10:07  Protoss Ground Armor Level 1 (Chrono Boost)  
  169  10:08  Probe x2  
  163  10:21  Zealot x4  
  163  10:22  Zealot x5  
  163  10:25  Warp Prism (Chrono Boost)  
  154  10:48  Zealot x7  
  154  10:49  Zealot x2  
  170  10:53  Protoss Ground Weapons Level 3 (Chrono Boost)  
  166  11:06  Nexus, Shadow Stride (Chrono Boost)  
  167  11:11  Probe x3, Pylon  
  167  11:20  Dark Templar  
  167  11:21  Dark Templar, Zealot  
  167  11:22  Dark Templar x2, Zealot x2  
  181  11:31  Zealot  
  181  11:32  Zealot  
  185  11:35  Gateway  
  185  11:49  Dark Templar, Zealot x2  
  185  11:52  Protoss Ground Armor Level 2 (Chrono Boost)  
  185  11:53  Zealot x3  
  177  12:06  Dark Templar x3  
  173  12:08  Immortal  
  163  12:19  Zealot x6  
  163  12:20  Zealot x2  
  155  12:27  Zealot  
  149  12:32  Zealot  
  145  12:39  Colossus  
  145  12:40  Dark Templar, Zealot x5  
  145  12:41  Zealot x2  
  161  13:01  Stalker x6  
  161  13:02  Stalker x2  
  161  13:04  Zealot  
  165  13:22  Zealot  
  165  13:26  Zealot x9  
  123  13:40  Colossus (Chrono Boost)  
  85  13:50  Zealot x5  
  85  13:52  Stalker x5  
  88  14:12  Zealot x5  
  88  14:15  Dark Templar x3  
  88  14:16  Dark Templar  
  106  14:17  Pylon  
  106  14:19  Dark Templar x2, Zealot x2, Pylon  
  50  14:47  Stalker x5  
  50  14:48  Zealot x3  

Tags
 
Add a new tag
Caveats
  • Supply blocks, unpowered buildings, or Contaminate may cause inaccurate times.
  • Supply counts are checked every 10 seconds.